 Dungeon Crawl Stone Soup version 0.18-a0-1426-g3b9a63c (webtiles) character file.

115210 seren the Nimble (level 16, -4/117 HPs)
             Began as a Vampire Enchanter on Feb 26, 2016.
             Was the Champion of Kikubaaqudgha.
             Shot with an arrow of dispersal by a satyr (27 damage)
             ... on level 2 of the Shoals on Feb 27, 2016.
             The game lasted 07:03:08 (49006 turns).

seren the Nimble (Vampire Enchanter)               Turns: 49006, Time: 07:03:08

Health: -4/117     AC: 10    Str: 11    XL:     16   Next: 18%
Magic:  25/31      EV: 24    Int: 24    God:    Kikubaaqudgha [******]
Gold:   1701       SH: 13    Dex: 19    Spells: 10 memorised, 3 levels left

rFire  . . .     SeeInvis +     d - +6 dagger of the Vendetta {freeze, +Inv Str+4}
rCold  + + .     Gourm    .     N - +2 robe {MR+}
rNeg   + + +     Faith    .     e - +3 buckler
rPois  +         Spirit   .     I - +3 hat "Puhiov" {rPois}
rElec  .         Dismiss  .     (no cloak)
rCorr  .         Reflect  +     z - +2 pair of gloves
SustAt .         Harm     .     (no boots)
MR     ++...                    G - +4 amulet of reflection
Stlth  ++++......               q - ring of flight
                                S - +4 ring of dexterity

@: mesmerised, very slightly contaminated, regenerating slowly, very resistant
to hostile enchantments, stealthy
A: fangs 3, see invisible, unbreathing
a: Bat Form, Receive Corpses, Torment, Renounce Religion, Evoke Invisibility,
Evoke Flight


You were on level 2 of the Shoals.
You worshipped Kikubaaqudgha.
Kikubaaqudgha was exalted by your worship.
You were near bloodless.

You visited 6 branches of the dungeon, and saw 30 of its levels.

You collected 2264 gold pieces.
You spent 563 gold pieces at shops.

Inventory:

Hand Weapons
 c - a +3 blowgun
 d - the +6 dagger of the Vendetta (weapon) {freeze, +Inv Str+4}
   (You found it on level 6 of the Dungeon)

   It has been specially enchanted to freeze those struck by it, causing extra
   injury to most foes and up to half again as much damage against particularly
   susceptible opponents.
   It can also slow down cold-blooded creatures.
   It affects your strength (+4).
   It lets you turn invisible.
 p - a +3 dagger of pain
 U - a +3 dagger of chaos {Psyche}
Missiles
 g - 107 poisoned needles
 r - 10 throwing nets (quivered)
 M - 8 curare-tipped needles
Armour
 e - a +3 buckler (worn)
 z - a +2 pair of gloves (worn)
 I - the +3 hat "Puhiov" (worn) {rPois}
   (You bought it in a shop on level 2 of the Orcish Mines)

   It protects you from poison.
 N - a +2 robe of magic resistance (worn)
Jewellery
 q - a ring of flight (right hand)
 w - an uncursed ring of positive energy
 C - a +2 ring of dexterity
 G - a +4 amulet of reflection (around neck)
 L - an uncursed ring of ice
 S - a +4 ring of dexterity (left hand)
Wands
 f - a wand of lightning (4/15)
 s - a wand of disintegration (4/24)
 B - a wand of disintegration (14/24)
 T - a wand of flame (20/48)
 X - a wand of digging (14/24)
 Y - a wand of iceblast (4/15)
Scrolls
 l - 4 scrolls of identify
 m - a scroll of fog
 v - 2 scrolls of fear
 A - 8 scrolls of remove curse
 D - a scroll of recharging
 H - 4 scrolls of silence
 J - 2 scrolls of blinking
 Q - 7 scrolls of teleportation
 W - 2 scrolls of amnesia
 Z - a scroll of enchant armour
Potions
 a - a potion of heal wounds
 b - 2 potions of magic
 i - 8 potions of flight
 j - 2 potions of cure mutation
 o - 5 potions of curing
 u - 2 potions of resistance
 x - a potion of haste
 y - 14 potions of blood
 E - 3 potions of cancellation
 O - 3 potions of might
 P - 7 potions of brilliance
 R - 2 potions of agility
Books
 n - a book of Beasts

   Spells                             Type                      Level
   a - Summon Butterflies             Summoning                    1
   b - Call Canine Familiar           Summoning                    3
   c - Summon Ice Beast               Ice/Summoning                4
   d - Summon Mana Viper              Hexes/Summoning              5
   e - Summon Hydra                   Summoning                    7
 t - a book of Ice

   Spells                             Type                      Level
   a - Ice Form                       Ice/Transmutation            4
   b - Metabolic Englaciation         Hexes/Ice                    5
   c - Ozocubu's Refrigeration        Ice                          6
   d - Bolt of Cold                   Conjuration/Ice              6
   e - Freezing Cloud                 Conjuration/Ice/Air          6
   f - Simulacrum                     Ice/Necromancy               6
Miscellaneous
 h - a sack of spiders {used: 1}
 k - a fan of gales


   Skills:
 + Level 8.2 Fighting
 - Level 10.0 Short Blades
 + Level 13.7 Dodging
 - Level 13.0 Stealth
 - Level 4.0 Shields
 - Level 11.3 Spellcasting
 + Level 13.5 Hexes
 + Level 12.0 Necromancy
 - Level 8.0 Ice Magic
 + Level 7.8 Evocations


You had 3 spell levels left.
You knew the following spells:

 Your Spells              Type           Power        Failure   Level  Hunger
a - Corona                Hex            ######.      1%          1    None
b - Ensorcelled Hibernat  Hex/Ice        ######       1%          2    None
c - Confuse               Hex            ######..     1%          3    None
d - Tukima's Dance        Hex            ######..     1%          3    None
e - Dazzling Spray        Conj/Hex       #####...     1%          3    None
g - Gell's Gravitas       Hex/Tloc       #####.....   1%          3    None
h - Bolt of Draining      Conj/Necr      #####.....   14%         5    ####...
m - Simulacrum            Ice/Necr       ######....   14%         6    #####..
p - Cigotuvi's Embrace    Necr           ######....   1%          5    ####...
r - Regeneration          Chrm/Necr      #####.....   1%          3    None


Dungeon Overview and Level Annotations

Branches:
Dungeon (15/15)            Temple (1/1) D:4            Lair (8/8) D:11
 Shoals (3/4) Lair:6       Spider (0/4) Lair:5        Slime (0/6) Lair:8
    Orc (2/2) D:12            Elf (1/3) Orc:2        Vaults (0/5) D:14
 Depths (0/5) D:15

Altars:
Ashenzari
Cheibriados
Dithmenos
Elyvilon
Fedhas
Gozag
Kikubaaqudgha
Makhleb
Nemelex Xobeh
Okawaru
Pakellas
Qazlal
Ru
Sif Muna
Trog
Vehumet
Xom
Yredelemnul
Zin
The Shining One
Beogh

Shops:
D:5 *   D:8 *   D:13 (   Orc:2 ?=(*[

Annotations:
D:3 Grinder
D:6 exclusion: statue
D:8 take downstairs in the middle
D:10 MordorOrchid's ghost, novice SpAK
D:11 Erolcha
D:13 exclusion: fire elemental
D:15 exclusion: fire giant
Lair:7 exclusion: oklob plant
Lair:8 exclusions: door and oklob plant
Shoals:1 exclusion: 2 downstairs
Shoals:2 Aizul


Innate Abilities, Weirdness & Mutations

You heal slowly.
You have razor-sharp teeth.
You have supernaturally acute eyesight.
You can survive without breathing.


Message History

The shadowy forms in the deep grow still as others approach.
The satyr shoots an arrow of dispersal.
You reflect the arrow of dispersal off an invisible shield around you!
The arrow of dispersal closely misses the satyr.
The faun shoots a stone.
The stone closely misses you.
The satyr shoots an arrow of dispersal.
The arrow of dispersal completely misses you.
The merfolk avatar chants a haunting song.
You resist with almost no effort.
The faun shoots a stone.
The stone hits you!
The merfolk avatar chants a haunting song.
You are mesmerised by the merfolk avatar!
The satyr shoots an arrow of dispersal.
The arrow of dispersal hits you!!!
* * * LOW HITPOINT WARNING * * *
You blink.
You enter the shallow water.
Moving in this stuff is going to be slow.
The satyr shoots an arrow of dispersal.
The arrow of dispersal hits you!!
You die...
Kikubaaqudgha rasps: "You have failed me!
Welcome... oblivion!"

≈≈≈≈≈≈≈≈≈≈≈≈≈≈≈≈≈≈≈≈≈≈≈
..≈≈≈≈≈≈≈≈≈≈≈≈≈≈≈≈≈≈≈≈≈≈≈≈≈≈
.....≈≈≈≈≈≈W≈≈≈≈≈≈≈≈≈≈≈≈≈≈≈≈
..!....≈≈≈≈≈≈≈≈≈....≈≈≈≈≈≈≈≈
c.......≈≈≈≈≈≈≈.....≈≈≈≈≈≈≈≈≈
........≈≈≈≈≈≈..###..≈≈≈≈≈≈≈≈ ..
#...≈≈m≈≈≈.## ##.≈≈≈≈≈≈≈≈ P#
#((.≈≈≈≈≈...###..≈≈≈≈≈≈≈≈
###.####.†)≈≈≈≈@..........≈≈≈≈≈≈
##..##PP.....≈c≈≈.(..≈≈.....≈≈≈≈≈
#...PP...)c.≈≈≈≈)..###.....≈≈≈≈≈≈
P≈......P...)(≈.§### ###..≈≈≈≈≈≈≈
≈P..P.......<)..## ##.≈≈≈≈≈≈≈≈
≈PPP.PP.P>####### ##..≈≈≈≈≈≈≈≈
≈≈.PPP...## ##...≈≈≈≈≈≈≈≈
≈≈≈P.P....#### #....≈.≈≈≈≈≈≈
≈≈≈PPP.≈≈≈S..## #...≈≈≈≈≈≈≈≈≈


You could see a merfolk avatar, a satyr, a faun and a drowned soul.

Vanquished Creatures
  Polyphemus (Shoals:2)
  An orc warlord (Orc:2)
  Nessos (Lair:5)
  An ettin (Orc:2)
  A merfolk javelineer (Shoals:1)
  2 vault guards (D:14)
  3 merfolk impalers (Shoals:1)
  The ghost of Ratboiler the Basher, a journeyman DDAr of Makhleb (Lair:1)
  Fannar (Lair:2)
  An ice dragon (Lair:8)
  3 hydras
  A merfolk aquamancer (Shoals:2)
  An anaconda (shapeshifter) (D:14)
  3 centaur warriors
  Harold (D:12)
  2 death yaks
  A dancing weapon (Elf:1)
  A tengu warrior (D:15)
  An orc high priest (Orc:2)
  A fire crab (Lair:5)
  3 sea snakes
  Nergalle (Lair:3)
  2 wizards (D:14)
  4 hill giants
  2 unseen horrors
  2 harpies (Shoals:1)
  A harpy (shapeshifter) (D:12)
  8 griffons
  8 ugly things
  3 fauns (Shoals:1)
  An orc knight (Orc:2)
  4 orc sorcerers
  11 deep elf magi
  5 cyclopes
  3 manticores
  2 water nymphs (Shoals:1)
  3 elephants (Lair:8)
  4 sirens
  3 black mambas
  14 spiny frogs
  4 rime drakes
  2 gargoyles (D:12)
  6 komodo dragons
  A freezing wraith (D:14)
  10 merfolk
  10 trolls
  A polar bear (Lair:8)
  11 slime creatures
  3 snapping turtles (Shoals:1)
  30 blink frogs
  3 two-headed ogres
  A harpy skeleton (D:12)
  6 shadows
  3 wyverns
  An air elemental (Elf:1)
  2 water elementals
  A wraith (D:14)
  67 yaks
  3 hungry ghosts
  A basilisk (D:12)
  19 humans
  18 hippogriffs
  18 wolves
  Edmund (D:5)
  2 wargs
  21 water moccasins
  9 orc warriors
  4 ice beasts
  15 porcupines
  An eye of draining (D:12)
  A necrophage (D:9)
  5 phantoms
  14 ogres
  10 centaurs
  A big kobold (D:9)
  21 crocodiles
  24 giant frogs
  A water moccasin zombie (D:9)
  3 scorpions
  28 killer bees
  9 howler monkeys
  7 crimson imps
  3 centaur zombies
  A giant frog zombie (D:5)
  2 gnoll shamans (D:5)
  9 jellies
  5 hounds
  13 orc wizards
  A quasit (D:5)
  2 giant frog skeletons
  10 orc priests
  3 centaur skeletons
  7 iguanas
  Jessica (D:3)
  Natasha (thrice) (D:2)
  13 worker ants
  A killer bee zombie (D:8)
  19 sheep
  2 hound zombies
  A hound skeleton (D:5)
  14 gnolls
  17 adders
  82 river rats
  3 shadow imps
  3 white imps
  3 oozes
  4 worms
  3 dart slugs (D:3)
  A giant gecko (D:8)
  55 orcs
  4 bats
  4 giant cockroaches
  10 goblins
  8 hobgoblins
  7 jackals
  4 quokkas
  2 ball pythons
  5 giant newts
  2 gnoll zombies (D:8)
  18 kobolds
  8 rats
  A fungus (Lair:1)
864 creatures vanquished.

Vanquished Creatures (collateral kills)
  Maud (D:14)
  2 merfolk impalers (Shoals:1)
  A merfolk javelineer (Shoals:1)
  An alligator snapping turtle (Shoals:1)
  A catoblepas (Shoals:2)
  An ogre mage (D:15)
  2 orc high priests (Orc:2)
  2 deep elf knights (Elf:1)
  A deep elf mage (D:12)
  2 orc knights (Orc:2)
  An orc sorcerer (Orc:2)
  2 sirens (Shoals:1)
  3 fauns
  Joseph (D:7)
  Psyche (D:10)
  8 merfolk
  A two-headed ogre (D:15)
  2 humans
  Menkaure (D:7)
  Duvessa (D:5)
  17 orc warriors
  7 ogres
  2 big kobolds
  Dowan (D:5)
  3 wights
  A howler monkey (D:6)
  A hound (D:8)
  A quasit (D:8)
  14 orc priests
  A gnoll shaman (D:5)
  An iguana (D:6)
  14 orc wizards
  3 sheep
  11 gnolls
  A giant gecko (D:7)
  30 orcs
  A giant gecko zombie (D:6)
  5 kobolds
149 creatures vanquished.

Vanquished Creatures (others)
  9 dancing weapons
  A centaur warrior (D:15)
  A merfolk aquamancer (Shoals:1)
  A hippogriff (Lair:8)
  A centaur (D:14)
  An orc (D:13)
  10 fungi
  10 plants
34 creatures vanquished.

Grand Total: 1047 creatures vanquished

Notes
Turn   | Place    | Note
--------------------------------------------------------------
     0 | D:1      | seren the Vampire Enchanter began the quest for the Orb.
     0 | D:1      | Reached XP level 1. HP: 13/13 MP: 3/3
   256 | D:1      | Reached XP level 2. HP: 19/19 MP: 3/5
   434 | D:1      | Learned a level 2 spell: Ensorcelled Hibernation
   509 | D:1      | Reached skill level 5 in Stealth
  1052 | D:1      | Reached XP level 3. HP: 24/24 MP: 3/6
  1291 | D:2      | Found a shadowy altar of Dithmenos.
  1345 | D:2      | Learned a level 3 spell: Confuse
  1435 | D:2      | Noticed Natasha
  1442 | D:2      | Killed Natasha
  1442 | D:2      | Reached skill level 5 in Hexes
  1651 | D:1      | Reached XP level 4. HP: 3/30 MP: 1/7
  2485 | D:2      | Noticed Natasha
  2569 | D:3      | Noticed Jessica
  2627 | D:3      | Killed Jessica
  2932 | D:3      | Reached XP level 5. HP: 35/35 MP: 3/8
  3093 | D:3      | Noticed Grinder
  3128 | D:3      | Found a sacrificial altar of Ru.
  3134 | D:3      | You fall through a shaft!
  3134 | D:4      | Found a staircase to the Ecumenical Temple.
  3138 | Temple   | Entered the Ecumenical Temple
  3402 | D:5      | Entered Level 5 of the Dungeon
  3521 | D:4      | Reached skill level 1 in Ice Magic
  3977 | D:4      | Noticed an ogre
  4545 | D:4      | Reached XP level 6. HP: 41/41 MP: 4/9
  4815 | D:5      | Learned a level 3 spell: Tukima's Dance
  5508 | D:2      | Found a stormy altar of Qazlal.
  5515 | D:2      | Killed Natasha
  6660 | D:5      | Reached XP level 7. HP: 43/46 MP: 5/10
  7015 | D:5      | Found Anaumur's General Store.
  7015 | D:5      | Noticed Edmund
  7021 | D:5      | Killed Edmund
  7301 | D:5      | Noticed Dowan
  7944 | D:4      | Reached XP level 8. HP: 51/53 MP: 12/12
  7952 | D:4      | Learned a level 3 spell: Dazzling Spray
  8216 | D:5      | Noticed Duvessa
  8371 | D:6      | Got an encrusted dagger
  8372 | D:6      | Identified the +6 dagger of the Vendetta {freeze, +Inv Str+4} (You found it on level 6 of the Dungeon)
  8479 | D:6      | Found a deep blue altar of Sif Muna.
  8726 | D:6      | Reached skill level 1 in Fighting
  8726 | D:6      | Reached skill level 1 in Shields
  9212 | D:6      | Found a radiant altar of Vehumet.
  9906 | D:7      | Noticed Joseph
  9913 | D:7      | Killed Joseph
  9913 | D:7      | Reached skill level 5 in Short Blades
  9913 | D:7      | Reached skill level 10 in Hexes
 10256 | D:7      | Found a shimmering altar of Xom.
 10257 | D:7      | Found an oddly glowing altar of Pakellas.
 10526 | D:7      | Noticed Menkaure
 10528 | D:7      | Killed Menkaure
 10528 | D:7      | Reached skill level 5 in Dodging
 10528 | D:7      | Reached XP level 9. HP: 60/62 MP: 10/14
 11614 | D:8      | Found Kuijan's General Store.
 11617 | D:8      | Bought a potion of degeneration for 11 gold pieces
 11704 | D:8      | Found a basalt altar of Yredelemnul.
 12060 | D:5      | Bought a scroll of identify for 22 gold pieces
 12060 | D:5      | Bought a scroll of identify for 22 gold pieces
 12085 | D:5      | Killed Duvessa
 12089 | D:5      | Killed Dowan
 12313 | D:5      | Found a white marble altar of Elyvilon.
 12314 | D:5      | Found a glowing silver altar of Zin.
 12317 | D:5      | Found a glowing golden altar of the Shining One.
 13151 | D:9      | Noticed a troll
 13189 | D:9      | Killed a troll
 13218 | D:9      | Found an ancient bone altar of Kikubaaqudgha.
 13226 | D:9      | Became a worshipper of Kikubaaqudgha
 13719 | D:9      | Reached skill level 1 in Necromancy
 14455 | D:10     | Entered Level 10 of the Dungeon
 14512 | D:10     | Reached XP level 10. HP: 70/70 MP: 17/17
 14794 | D:10     | Noticed Psyche
 14802 | D:10     | Killed Psyche
 14819 | D:10     | Reached skill level 10 in Stealth
 15155 | D:10     | Noticed MordorOrchid's ghost (novice SpAK)
 15365 | D:10     | Learned a level 3 spell: Gell's Gravitas
 15380 | D:9      | Reached skill level 5 in Spellcasting
 15676 | D:9      | Reached * piety under Kikubaaqudgha
 15676 | D:9      | Received a gift from Kikubaaqudgha
 15682 | D:9      | Identified Kikubaaqudgha's Incunabulum of Dark Rites (Kikubaaqudgha gifted it to you on level 9 of the Dungeon)
 15841 | D:9      | Noticed a centaur warrior
 15849 | D:9      | Killed a centaur warrior
 16464 | D:11     | Noticed an unseen horror
 16757 | D:11     | Noticed a cyclops
 17361 | D:11     | Found a staircase to the Lair.
 17375 | Lair:1   | Entered Level 1 of the Lair of Beasts
 17414 | Lair:1   | Noticed Ratboiler's ghost (journeyman DDAr)
 17717 | D:2      | Noticed Natasha
 17724 | D:2      | Killed Natasha
 18015 | D:9      | Reached ** piety under Kikubaaqudgha
 18522 | D:9      | Reached XP level 11. HP: 78/78 MP: 16/19
 19173 | D:12     | Noticed a harpy
 19173 | D:12     | Noticed a hill giant
 19358 | D:11     | Noticed Erolcha
 20288 | Lair:1   | Killed Ratboiler's ghost
 20288 | Lair:1   | Reached skill level 5 in Necromancy
 20578 | Lair:2   | Noticed Fannar
 20608 | Lair:1   | Reached *** piety under Kikubaaqudgha
 20608 | Lair:1   | Received a gift from Kikubaaqudgha
 20623 | Lair:1   | Identified Kikubaaqudgha's Handbook of Unholy Rites (Kikubaaqudgha gifted it to you on level 1 of the Lair of Beasts)
 22453 | Lair:2   | Reached **** piety under Kikubaaqudgha
 22663 | Lair:2   | Killed Fannar
 22933 | Lair:2   | Reached XP level 12. HP: 84/84 MP: 20/23
 22940 | Lair:2   | Learned a level 5 spell: Cigotuvi's Embrace
 23531 | Lair:3   | Noticed Nergalle
 23532 | Lair:3   | Killed Nergalle
 23635 | Lair:3   | Reached skill level 5 in Fighting
 23689 | Lair:3   | Reached ***** piety under Kikubaaqudgha
 23900 | Lair:3   | Reached skill level 10 in Dodging
 25175 | Lair:5   | Found a hole to the Spider Nest.
 25403 | Lair:5   | Noticed Nessos
 25412 | Lair:5   | Killed Nessos
 25954 | Lair:3   | Reached skill level 10 in Necromancy
 25954 | Lair:3   | Reached XP level 13. HP: 87/94 MP: 25/25
 26544 | Lair:6   | Reached skill level 1 in Evocations
 27016 | Lair:6   | Found a staircase to the Shoals.
 28444 | Lair:8   | Entered Level 8 of the Lair of Beasts
 29551 | Lair:7   | Learned a level 2 spell: Sublimation of Blood
 29792 | Lair:8   | Found a staircase to the Slime Pits.
 29869 | Lair:8   | Reached ****** piety under Kikubaaqudgha
 31903 | Lair:8   | Noticed a dire elephant
 32068 | Lair:8   | Reached skill level 10 in Spellcasting
 32271 | Lair:8   | Reached XP level 14. HP: 104/104 MP: 21/28
 33201 | D:12     | Reached skill level 5 in Ice Magic
 33279 | D:12     | Noticed Harold
 33300 | D:12     | Killed Harold
 34172 | D:12     | Found a staircase to the Orcish Mines.
 34658 | Orc:1    | Entered Level 1 of the Orcish Mines
 34941 | Orc:2    | Entered Level 2 of the Orcish Mines
 35021 | Orc:2    | Reached skill level 5 in Evocations
 35111 | Orc:2    | Found a roughly hewn altar of Beogh.
 35165 | Orc:2    | Found a staircase to the Elven Halls.
 35184 | Orc:2    | Found Gajaolom's Magic Scroll Boutique.
 37927 | Orc:2    | Noticed an orc warlord
 37969 | Orc:2    | Killed an orc warlord
 38250 | Orc:2    | Found Xesir's Antique Armour Shop.
 38252 | Orc:2    | Found Diasek's Antique Weapon Shop.
 38256 | Orc:2    | Found Vifer's General Store.
 38256 | Orc:2    | Found Motropiv's Jewellery Boutique.
 38307 | Orc:2    | Bought an opalescent robe for 136 gold pieces
 38307 | Orc:2    | Bought an encrusted hat for 216 gold pieces
 38317 | Orc:2    | Identified the +3 hat "Puhiov" {rPois} (You bought it in a shop on level 2 of the Orcish Mines)
 38327 | Orc:2    | Identified the +3 robe of Daffodils {Str+2 SInv} (You bought it in a shop on level 2 of the Orcish Mines)
 38364 | Orc:2    | Bought a runed robe for 16 gold pieces
 38364 | Orc:2    | Bought a runed robe for 16 gold pieces
 38495 | Elf:1    | Entered Level 1 of the Elven Halls
 38815 | Elf:1    | Noticed a deep elf sorcerer
 39057 | Orc:2    | Bought a runed rapier for 124 gold pieces
 39252 | D:13     | Found Beel's Weapon Shoppe.
 39949 | D:13     | Reached XP level 15. HP: 110/110 MP: 21/29
 40746 | D:14     | Noticed Maud
 41093 | D:14     | Learned a level 6 spell: Simulacrum
 42245 | D:14     | Found a gate to the Vaults.
 42550 | D:14     | Killed Maud
 42691 | D:15     | Entered Level 15 of the Dungeon
 43365 | D:15     | Found a staircase to the Depths.
 43365 | D:15     | Noticed a fire giant
 44373 | Lair:1   | Learned a level 3 spell: Regeneration
 44379 | Lair:1   | Learned a level 5 spell: Bolt of Draining
 44386 | Lair:1   | Identified a +3 dagger of pain (a +1 dagger bloodied by Kikubaaqudgha)
 44386 | Lair:1   | Received a gift from Kikubaaqudgha
 44637 | Shoals:1 | Entered Level 1 of the Shoals
 46363 | Shoals:1 | Reached skill level 10 in Short Blades
 46945 | Shoals:2 | Noticed Aizul
 47029 | Shoals:2 | Noticed Polyphemus
 47434 | Shoals:2 | Reached XP level 16. HP: 117/117 MP: 31/31
 47958 | Shoals:2 | Killed Polyphemus
 48022 | Shoals:2 | Upgraded the game from 0.18-a0-1418-ga86aa8f to 0.18-a0-1426-g3b9a63c
 49006 | Shoals:2 | Shot with an arrow of dispersal by a satyr

Vault maps used:
D:1:      dpeg_arrival_prison
D:2:      old_standard_altar, nicolae_dithmenos_shadow_blocks, uniq_natasha
D:3:      lemuel_doored_altar, first_bread, hangedman_decor_riveting,
          uniq_jessica, uniq_grinder
D:4:      minmay_temple_entry_large_hall
D:5:      good_gods_temple_1, serial_shops, shop, uniq_edmund, uniq_duvessa
D:6:      nicolae_overflow_hidden_temple, vehumet_statue
D:7:      gammafunk_temple_overflow_statue, grunt_livestock, uniq_joseph,
          uniq_menkaure
D:8:      lemuel_zombie_altar_yredelemnul, serial_shops, kennysheep_mini_moat,
          grunt_ministairs_9
D:9:      lemuel_coloured_pillars_altar
D:10:     uniq_psyche
D:11:     dpeg_lair_monsters, uniq_erolcha
D:12:     orc_0_dummy, uniq_harold
D:13:     lightli_bailey_entry_fortress, serial_shops, shop_coins,
          minmay_misc_feat_nine_boxes, kennysheep_nub, uniq_azrael
D:14:     grunt_vaults_entry_tiered, hangedman_abyss_or_decor_passed,
          serial_curves, eino_curves_03, eino_curves_01, uniq_maud
D:15:     grunt_enter_depths_giant_problem, serial_column_ruins,
          column_ruins_open_large, column_ruins_grid_1, column_ruins_open_tiny,
          column_ruins_grid_3, column_ruins_open_tiny, abandoned_shop,
          serial_bayou_pond_d
Temple:   nicolae_temple_figure_zero
Lair:2:   uniq_fannar
Lair:3:   lab_entry_generic, grunt_megastairs_4, uniq_nergalle
Lair:4:   portal_ice_cave_entry_pillars_01
Lair:5:   dummy_spider_entry, uniq_nessos
Lair:6:   elwin_shoals_entry_stream, lemuel_fruit_tree, grunt_megastairs_2
Lair:8:   evil_forest, nicolae_slime_entry_slimehenge, bobbens_ice_dragon_lair
Shoals:1: nicolae_shoals_mertower
Shoals:2: uniq_aizul, uniq_polyphemus, uniq_frances
Orc:2:    st_orc_congregation, serial_shops, nicolae_shop_behind_doors,
          basic_altar, nicolae_orc_sculptors_studio
Elf:1:    eino_elf_arrival_shootout, evilmike_minifort, grunt_megastairs_5

Skill      XL: |  1  2  3  4  5  6  7  8  9 10 11 12 13 14 15 16 |
---------------+-------------------------------------------------+-----
Short Blades   | 2 3 4 5 6 7 8 10 | 10.0
Stealth        | 5 6 7 8 9 11 12 13 | 13.0
Hexes          | 5 6 7 8 9 10 11 12 13 | 13.5
Ice Magic      | 1 4 7 8 |  8.0
Dodging        | 3 5 7 9 10 11 12 13 | 13.7
Spellcasting   | 3 4 5 7 8 10 11 | 11.3
Fighting       | 2 3 4 6 7 8 |  8.2
Shields        | 1 3 4 |  4.0
Necromancy     | 1 4 7 10 11 12 | 12.0
Evocations     | 3 6 7 |  7.8

Action                   |  1- 3 |  4- 6 |  7- 9 | 10-12 | 13-15 | 16-18 || total
-------------------------+-------+-------+-------+-------+-------+-------++-------
Melee: Dagger            |    62 |    91 |   153 |   655 |  1412 |   164 ||  2537
 Fire: Blowgun           |       |       |       |     4 |     3 |       ||     7
 Cast: Corona            |    10 |     2 |       |       |       |       ||    12
       Ensorcelled Hiber |    16 |    44 |    82 |   149 |   306 |     1 ||   598
       Confuse           |       |    10 |    22 |    29 |   134 |    17 ||   212
       Tukima's Dance    |       |       |    26 |    18 |    87 |    15 ||   146
       Dazzling Spray    |       |       |     1 |    15 |    24 |       ||    40
       Gell's Gravitas   |       |       |       |    10 |     1 |     1 ||    12
       Cigotuvi's Embrac |       |       |       |     7 |    14 |       ||    21
       Regeneration      |       |       |       |       |    10 |     3 ||    13
Invok: Receive Corpses   |       |       |       |     1 |       |       ||     1
       Brand Weapon With |       |       |       |       |     1 |       ||     1
 Abil: End Transformatio |       |       |       |     2 |       |       ||     2
       Bat Form          |       |       |       |     2 |       |       ||     2
       Evoke Invisibilit |       |       |       |       |     9 |     1 ||    10
       Evoke Flight      |       |       |       |       |     1 |       ||     1
Evoke: Wand              |       |       |       |       |     3 |       ||     3
       Sack of spiders   |       |       |       |       |       |     1 ||     1
  Use: Potion            |     2 |     2 |     7 |     6 |    14 |     1 ||    32
       Scroll            |       |     2 |    10 |     9 |    26 |       ||    47
 Stab: Sleeping          |    25 |    41 |    60 |   134 |   211 |     1 ||   472
       Confused          |       |     6 |     6 |    14 |    65 |     5 ||    96
       Invisible         |       |       |       |     3 |    17 |     3 ||    23
       Distracted        |       |       |       |       |     8 |       ||     8
       Held in net/web   |       |       |       |       |     1 |       ||     1
